cohdb
Replays
Latest Replays
All Replays
Popular Replays
Top Player Replays
Match Explorer
How It Works
Community
CoH3 Stats
Reddit
Sign in to upload your games and track your stats! →
Sign in with Steam
Weasel Gang
Match 11854128
Overview
Messages
Build Orders
End
Construct Barracks
Selects Special Operations Battlegroup
Selects M29 Weasel Recon Vehicle
M29 Weasel Recon Vehicle
Riflemen Squad
Riflemen Squad
Riflemen Squad
Infantry Support Center
Advanced Logisitcs
Construct Medical Station
Construct Motor Pool
Selects Raiding Flares
Selects SSF Commando Squad
SSF Commando Squad
Construct Tank Depot
M1 Anti-tank Gun Team
Selects P-47 Strafing Runs
P-47 Strafing Runs
P-47 Strafing Runs
M4(105) Sherman Bulldozer
Selects Air Re-supply Operation
Air Re-Supply Operation
M18 Hellcat Tank Destroyer
P-47 Strafing Runs
oki
WordBearers[Borgore]
0
0
Comments
sign in to comment!
No comments posted yet!